 Dungeon Crawl Stone Soup version 0.17-a0-1949-g1acca9a (webtiles) character file.

216595 AvylaarBelgium the Nimble (level 17, -1/121 HPs)
             Began as a Demonspawn Gladiator on Oct 1, 2015.
             Was a High Priest of Makhleb.
             Killed from afar by a starcursed mass (5 damage)
             ... with an accursed screaming
             ... on level 1 of the Abyss on Oct 2, 2015.
             The game lasted 03:21:00 (33741 turns).

AvylaarBelgium the Nimble (Demonspawn Gladiator)   Turns: 33741, Time: 03:21:00

Health: -1/121     AC: 28    Str: 19 (20) XL:     17   Next: 91%
Magic:  23/23      EV: 20    Int:  3 (12) God:    Makhleb [*****.]
Gold:   606        SH: 19    Dex: 16 (17) Spells: 6 memorised, 0 levels left

rFire  + . .     SeeInvis +     o - +7 long sword of the Wraith {slice, rElec rN++ Str-2}
rCold  . . .     Rnd*Rage +     s - +3 plate armour {rF+}
rNeg   + + +     SustAt   .     V - +0 large shield
rPois  .         Gourm    .     c - +2 helmet
rElec  +         Spirit   .     f - +1 cloak {MR+}
rCorr  .         Warding  .     y - +0 pair of gloves
rMut   .         Stasis   .     X - +2 pair of boots {run}
MR     ++...                    N - amulet of regeneration
Stlth  ..........               M - +5 ring of evasion
                                R - ring of see invisible

@: agile, about to teleport, very slightly contaminated, hasted, very quick,
very resistant to hostile enchantments, extremely unstealthy
A: talons 1, large bone plates 2, berserk 2, blink, blurry vision 2, clever 1,
clumsy 2, deformed body, deterioration 2, frail 2, low mp 1, negative energy
resistance 1, powered by pain 2, robust 1, shaggy fur 1, slow healing 2, spiny
2, strong 1, subdued magic 1
a: Blink, Minor Destruction, Lesser Servant of Makhleb, Major Destruction,
Greater Servant of Makhleb, Renounce Religion
}: 2/15 runes: decaying, gossamer


You were on level 1 of the Abyss.
You worshipped Makhleb.
Makhleb was extremely pleased with you.
You were full.

You visited 7 branches of the dungeon, and saw 29 of its levels.
You visited the Abyss 1 time.
You also visited: Labyrinth and Ice Cave.

You collected 3159 gold pieces.
You spent 2553 gold pieces at shops.

Inventory:

Hand weapons
 o - the +7 long sword of the Wraith (weapon) {slice, rElec rN++ Str-2}
   (You found it on level 3 of the Lair of Beasts)

   It inflicts extra damage upon your enemies.
   It affects your strength (-2).
   It insulates you from electricity.
   It greatly protects you from negative energy.
 q - the +10 battleaxe of Spite {freeze, rPois Int+5}
   (You bought it in a shop on level 8 of the Dungeon)

   It has been specially enchanted to freeze those struck by it, causing extra
   injury to most foes and up to half again as much damage against particularly
   susceptible opponents.
   It can also slow down cold-blooded creatures.
   It affects your intelligence (+5).
   It protects you from poison.
Missiles
 n - 48 tomahawks (quivered)
Armour
 c - a +2 helmet (worn)
 f - a +1 cloak of magic resistance (worn)
 s - a +3 plate armour of fire resistance (worn)
 y - a +0 pair of gloves (worn)
 S - a +1 robe of magic resistance
 V - a +0 large shield (worn)
 X - a +2 pair of boots of running (worn)
 Z - a +2 plate armour of poison resistance
Jewellery
 b - an uncursed ring of sustain attributes
 l - an uncursed ring of protection from cold
 K - an uncursed amulet of the gourmand
 M - a +5 ring of evasion (right hand)
 N - an amulet of regeneration (around neck)
 R - a ring of see invisible (left hand)
Magical devices
 d - a wand of teleportation (2)
 g - a wand of teleportation (1)
 h - a wand of lightning (3)
 m - a wand of disintegration (5)
 J - a wand of heal wounds (0)
Scrolls
 a - a scroll of brand weapon
 k - 2 scrolls of enchant armour
 r - a scroll of magic mapping
 u - 7 scrolls of amnesia
 v - a scroll of summoning
 w - 2 scrolls of fear
 z - 2 scrolls of fog
 B - a scroll of teleportation
 O - a scroll of recharging
 Y - 8 scrolls of remove curse
Potions
 j - a potion of might
 A - a potion of cancellation
 C - 3 potions of lignification
 D - a potion of berserk rage
 F - 3 potions of agility
 G - a potion of magic
 P - a potion of resistance
 Q - 2 potions of ambrosia
 T - 2 potions of cure mutation
Miscellaneous
 E - a disc of storms
 W - a fan of gales
Comestibles
 e - 14 bread rations
 i - 10 meat rations


   Skills:
 - Level 12.9 Fighting
   Level 3.0(6.6) Short Blades
 + Level 9.2(9.4) Long Blades
 - Level 10.8 Axes
 - Level 2.1 Throwing
 - Level 12.0 Armour
 - Level 14.0 Dodging
 + Level 8.7 Shields
 - Level 12.5 Invocations
 - Level 11.9 Evocations


You couldn't memorise any spells.
You knew the following spells:

 Your Spells              Type           Power        Failure   Level  Hunger
a - Apportation           Tloc           #.........   100%        1    ##.....
b - Phase Shift           Tloc           #.........   100%        5    ######.
c - Gell's Gravitas       Hex/Tloc       #.........   100%        3    ####...
d - Blink                 Tloc           N/A          100%        2    ###....
e - Shroud of Golubria    Chrm/Tloc      #.........   100%        2    ###....
f - Dazzling Spray        Conj/Hex       #.......     100%        3    ####...


Dungeon Overview and Level Annotations

Branches:
Dungeon (9/15)             Temple (1/1) D:7            Lair (4/8) D:9
  Swamp (4/4) Lair:3       Spider (4/4) Lair:3          Orc (4/4) D:9
    Elf (3/3) Orc:4

Altars:
Ashenzari
Cheibriados
Dithmenos
Elyvilon
Gozag
Kikubaaqudgha
Makhleb
Nemelex Xobeh
Okawaru
Qazlal
Ru
Trog
Vehumet
Yredelemnul
Zin
The Shining One
Beogh

Shops:
D:5 (   D:8 ((**   Orc:4 ?::[   Elf:2 *   Elf:3 *

Annotations:
D:7 Joseph; Ordine's ghost, experienced MiGl


Innate Abilities, Weirdness & Mutations

You have sharp toenails.
You are mostly covered in large bone plates (AC +3, SH +3).
You resist negative energy.
You sometimes gain power by taking damage.
You are mostly covered in sharp spines.
You can translocate small distances at will.
Your mind is acute. (Int +2)
Your magical capacity is low (-10% MP).
You are robust (+10% HP).
You are covered in fur (AC +1).
Your muscles are strong. (Str +2)
[You often lose your temper in combat.]
[Scrolls take you longer to read.]
[You are very clumsy. (Dex -4)]
[Armour fits poorly on your strangely shaped body.]
[Your body often deteriorates upon taking damage.]
[You are very frail (-20% HP).]
[You do not heal naturally when monsters are visible.]
[Your spells are a little easier to cast, but a little less powerful.]


Message History

A starcursed mass splits.
The bone dragon bites something!
The bone dragon claws something.
The bone dragon tramples something but does no damage.
Drink which item? (? for menu, Esc to quit)
You are confused.
You feel invigorated.
A starcursed mass splits.
You're too confused!
Drink which item? (? for menu, Esc to quit)
You feel agile all of a sudden. A chorus of shrieks assaults your mind.
* * * LOW HITPOINT WARNING * * *
Drink which item? (? for menu, Esc to quit)
You feel yourself speed up.
You feel less invigorated.
You feel less confused.
You are very lightly contaminated with residual magic.
Use which ability?
A demon appears!
You feel somewhat less full. A chorus of shrieks assaults your mind.
You die...

..
##.#ยง#..#Xw#
.# .
.#....5#*X# #
. #
##.2.DX#.# #
####.h # #.
#.X.#.##
##.##X# #
####.X2..#
#...#X.#.#
#.##@##### #
###


You could see 4 starcursed masses and a friendly balrug.

Vanquished Creatures
  Jorgrun (Swamp:4)
  A tentacled monstrosity (Swamp:4)
  Gastronok (Lair:3)
  Agnes (Orc:4)
  Frances (Elf:1)
  Donald (Spider:1)
  A deep elf sorcerer (Elf:2)
  Louise (Elf:1)
  7 emperor scorpions
  An orc warlord (Elf:1)
  3 very ugly things (Swamp:4)
  2 ghost moths
  Nessos (Orc:4)
  4 deep elf demonologists
  2 deep elf annihilators
  Snorg (Orc:2)
  2 green deaths (Swamp:4)
  Josephine (Orc:3)
  Fannar (Lair:3)
  A ghost crab (Swamp:1)
  Erolcha (Orc:3)
  3 entropy weavers
  A rakshasa (Abyss:1)
  5 dancing weapons (Elf:2)
  4 hydras
  7 alligators
  4 death yaks
  3 orc high priests (Orc:4)
  14 spriggans
  12 deep elf knights
  Nergalle (Lair:3)
  4 ice devils (IceCv)
  2 wretched stars (Abyss:1)
  2 unseen horrors (Lab)
  12 deep elf summoners
  8 swamp dragons
  A spatial maelstrom (Abyss:1)
  4 spriggan druids
  2 shambling mangroves
  An ice statue (IceCv)
  A harpy (shapeshifter) (Elf:3)
  An obsidian statue (Elf:2)
  Pikel (D:7)
  5 large abominations
  8 deep elf conjurers
  9 ugly things
  10 orb spiders
  5 orc knights
  17 slime creatures
  A sixfirhy (Abyss:1)
  22 wolf spiders
  6 orc sorcerers
  2 moths of wrath
  8 hornets
  Maurice (Orc:1)
  A guardian serpent (shapeshifter) (Elf:3)
  A torpor snail (Spider:2)
  9 spiny frogs
  A black mamba (Lair:4)
  2 apocalypse crabs (Abyss:1)
  2 orange demons (Swamp:4)
  9 demonic crawlers
  A fire drake (Lair:4)
  A golden dragon simulacrum (IceCv)
  17 jumping spiders
  2 komodo dragons
  5 anaconda simulacra (IceCv)
  9 deep elf priests
  A troll (Orc:4)
  4 freezing wraiths
  5 giant leeches
  Prince Ribbit (D:8)
  A boulder beetle (Spider:3)
  14 bog bodies
  A raiju (Abyss:1)
  5 small abominations
  27 trapdoor spiders
  5 blink frogs (Lair:4)
  5 shadows
  44 redbacks
  A ynoxinul (Abyss:1)
  33 yaks
  22 tarantellas
  5 vampire mosquitoes
  21 deep elf fighters
  5 hungry ghosts
  3 wraiths (Orc:3)
  A basilisk (Lair:3)
  18 deep elf magi
  3 hippogriffs
  A neqoxec (Abyss:1)
  A basilisk (shapeshifter) (Elf:2)
  2 dire elephant simulacra (IceCv)
  20 swamp worms
  Menkaure (D:7)
  A spatial vortex (Abyss:1)
  3 harpy simulacra (IceCv)
  8 wolves (Lair:3)
  5 water moccasins
  15 insubstantial wisps
  3 wargs
  An iron troll simulacrum (IceCv)
  2 slaves (D:7)
  6 porcupines
  Duvessa (D:5)
  A hydra simulacrum (IceCv)
  13 swamp drakes
  10 spiders
  11 ogres
  27 orc warriors
  2 ice beasts
  A black bear (D:9)
  4 sky beasts
  An ettin simulacrum (IceCv)
  3 phantoms
  21 wasps
  2 centaurs
  5 crocodiles
  22 giant frogs
  A gnoll sergeant (D:8)
  A water moccasin zombie (D:6)
  The ghost of Shredu92 the Skirmisher, a weakling TrFi (D:3)
  Dowan (D:5)
  4 scorpions
  4 killer bees (D:9)
  A swamp dragon simulacrum (IceCv)
  5 electric eels (Elf:3)
  A quasit (D:7)
  A centaur zombie (D:5)
  A starcursed mass (Abyss:1)
  A centaur skeleton (D:7)
  A human zombie (Abyss:1)
  A jelly (D:5)
  35 orc priests
  3 crimson imps
  2 iron imps (Abyss:1)
  5 hounds
  3 hell rats (D:9)
  28 orc wizards
  A gnoll shaman (D:7)
  2 spriggan simulacra (IceCv)
  10 iguanas
  7 worker ants
  4 troll simulacra (IceCv)
  2 centaur simulacra (IceCv)
  7 sheep (Lair:2)
  4 naga simulacra (IceCv)
  30 river rats
  A worker ant zombie (D:9)
  11 gnolls
  2 ogre simulacra (IceCv)
  4 shadow imps
  7 white imps
  13 adders
  6 ufetubi
  2 oozes (D:3)
  An adder zombie (D:9)
  4 worms
  8 giant geckos
  137 orcs
  A ball python (D:7)
  4 bats
  5 giant cockroaches
  6 goblins
  4 hobgoblins
  8 jackals
  8 kobolds
  5 quokkas
  3 giant gecko skeletons
  3 giant newts
  A quokka zombie (D:8)
  6 rats
  A fungus (Lair:3)
  3 plants
1121 creatures vanquished.

Vanquished Creatures (collateral kills)
  Nikola (Swamp:3)
  Wiglaf (Spider:3)
  A ghost moth (Spider:4)
  A deep elf demonologist (Elf:3)
  3 deep elf annihilators (Elf:3)
  A deep elf death mage (Elf:3)
  2 hydras (Swamp:4)
  2 deep elf knights
  2 swamp dragons (Swamp:4)
  4 deep elf conjurers
  A death drake (Abyss:1)
  A wolf spider (Spider:4)
  An ancient zyme (Abyss:1)
  4 deep elf magi
  A basilisk (shapeshifter) (Elf:3)
  A quasit (Abyss:1)
  A wolf simulacrum (IceCv)
28 creatures vanquished.

Vanquished Creatures (others)
  A deep elf knight (Elf:3)
  A wolf spider (Spider:1)
  A hornet (Swamp:3)
  A shadow (Swamp:4)
  2 deep elf fighters
  2 redbacks
  A spriggan (Swamp:4)
  A wasp (Swamp:4)
  A wolf simulacrum (IceCv)
  A white imp (IceCv)
  5 ufetubi (IceCv)
  An orc (Orc:3)
  2 fungi (Lair:3)
  3 plants
  4 starspawn tentacles (Abyss:1)
  25 starspawn tentacle segments (Abyss:1)
52 creatures vanquished.

Grand Total: 1201 creatures vanquished

Notes
Turn   | Place    | Note
--------------------------------------------------------------
     0 | D:1      | AvylaarBelgium the Demonspawn Gladiator began the quest for the Orb.
     0 | D:1      | Reached XP level 1. HP: 16/16 MP: 1/1
     0 | D:1      | Upgraded the game from 0.17-a0-1945-gfe993df to 0.17-a0-1949-g1acca9a
   255 | D:1      | Reached skill level 3 in Short Blades
   265 | D:1      | Gained mutation: You are partially covered in large bone plates (AC +2, SH +2). [demonic ancestry]
   265 | D:1      | Reached XP level 2. HP: 13/22 MP: 2/2
   515 | D:2      | Found a burning altar of Makhleb.
   537 | D:2      | Found a basalt altar of Yredelemnul.
   560 | D:2      | Became a worshipper of Makhleb the Destroyer
   586 | D:2      | Gained mutation: You are partially covered in sharp spines. [demonic ancestry]
   586 | D:2      | Reached XP level 3. HP: 12/28 MP: 3/3
  1051 | D:2      | Gained mutation: You have sharp toenails. [demonic ancestry]
  1051 | D:2      | Reached XP level 4. HP: 34/34 MP: 4/4
  1240 | D:3      | Acquired Makhleb's first power
  1244 | D:3      | Reached skill level 4 in Dodging
  1273 | D:3      | Found an opulent altar of Gozag.
  1358 | D:3      | Reached XP level 5. HP: 39/41 MP: 5/5
  1374 | D:3      | Found a shadowy altar of Dithmenos.
  1446 | D:3      | Noticed Shredu92's ghost (weakling TrFi)
  1533 | D:3      | Killed Shredu92's ghost
  2054 | D:4      | Acquired Makhleb's second power
  2096 | D:4      | Reached XP level 6. HP: 44/48 MP: 6/6
  2393 | D:5      | Entered Level 5 of the Dungeon
  2436 | D:5      | Found Ysyukka's Antique Weapon Shoppe.
  2502 | D:5      | Reached skill level 5 in Dodging
  2596 | D:5      | Reached skill level 5 in Fighting
  2666 | D:5      | Noticed Dowan
  2683 | D:5      | Killed Dowan
  2683 | D:5      | Reached XP level 7. HP: 43/56 MP: 7/7
  2737 | D:5      | Noticed Duvessa
  2801 | D:5      | Killed Duvessa
  3428 | D:6      | Reached skill level 6 in Fighting
  3595 | D:6      | Reached skill level 1 in Armour
  3595 | D:6      | Reached XP level 8. HP: 49/65 MP: 8/8
  3903 | D:6      | Gained mutation: You are covered in fur (AC +1). [mutagenic meat]
  3904 | D:6      | Gained mutation: Your muscles are strong. (Str +2) [mutagenic meat]
  3905 | D:6      | Gained mutation: You are robust (+10% HP). [mutagenic meat]
  3906 | D:6      | Gained mutation: Your mind is acute. (Int +2) [mutagenic meat]
  4107 | D:6      | Reached skill level 7 in Fighting
  4249 | D:6      | Acquired Makhleb's third power
  4340 | D:7      | Noticed Joseph
  4437 | D:7      | Noticed Pikel
  4484 | D:7      | Killed Pikel
  4484 | D:7      | Gained mutation: You are mostly covered in large bone plates (AC +3, SH +3). [demonic ancestry]
  4484 | D:7      | Reached XP level 9. HP: 41/81 MP: 9/9
  4629 | D:7      | Noticed Ordine's ghost (experienced MiGl)
  4650 | D:7      | Found a staircase to the Ecumenical Temple.
  4667 | D:6      | Reached skill level 8 in Fighting
  4808 | D:7      | Found an iron altar of Okawaru.
  4898 | Temple   | Entered the Ecumenical Temple
  5094 | D:7      | Reached skill level 1 in Axes
  6137 | D:7      | Noticed Menkaure
  6217 | D:7      | Killed Menkaure
  6337 | D:7      | Acquired Makhleb's fourth power
  6417 | D:8      | Found Puqaady's General Store.
  6442 | D:8      | Reached skill level 5 in Armour
  6456 | D:8      | Bought a scroll of identify for 32 gold pieces
  6456 | D:8      | Bought a scroll of identify for 32 gold pieces
  6456 | D:8      | Bought a scroll of identify for 32 gold pieces
  6519 | D:8      | Noticed Prince Ribbit
  6549 | D:8      | Killed Prince Ribbit
  6570 | D:8      | Found Sagini's Assorted Antiques.
  6579 | D:8      | Bought a bubbling silvery potion for 22 gold pieces
  6579 | D:8      | Bought a golden potion for 22 gold pieces
  6579 | D:8      | Bought a pair of embroidered boots for 112 gold pieces
  6579 | D:8      | Bought a scroll labeled NOCACUINAS for 25 gold pieces
  6584 | D:8      | Identified a +0 pair of boots of running (You bought it in a shop on level 8 of the Dungeon)
  6708 | D:8      | Found Dooxzo's Weapon Shoppe.
  6722 | D:8      | Found Jeih's Weapon Boutique.
  6737 | D:8      | Gained mutation: You are mostly covered in sharp spines. [demonic ancestry]
  6737 | D:8      | Reached XP level 10. HP: 90/90 MP: 10/10
  6799 | D:8      | Found a glowing silver altar of Zin.
  6799 | D:8      | Found a sparkling altar of Nemelex Xobeh.
  6883 | D:9      | Reached skill level 9 in Fighting
  6913 | D:9      | Found a staircase to the Lair.
  7060 | D:9      | Found a staircase to the Orcish Mines.
  7133 | D:9      | Acquired Makhleb's fifth power
  7543 | Lair:1   | Entered Level 1 of the Lair of Beasts
  7645 | Lair:1   | Reached skill level 5 in Axes
  8172 | Lair:1   | Learned a level 1 spell: Apportation
  8194 | Lair:2   | Gained mutation: You sometimes gain a little power by taking damage. [demonic ancestry]
  8194 | Lair:2   | Reached XP level 11. HP: 99/99 MP: 11/11
  8312 | Lair:2   | Reached skill level 10 in Fighting
  9008 | Lair:3   | Got a dazzling long sword
  9010 | Lair:3   | Noticed Nergalle
  9016 | Lair:3   | Reached skill level 10 in Dodging
  9033 | Lair:3   | Noticed a death yak
  9033 | Lair:3   | Noticed a death yak
  9033 | Lair:3   | Noticed a death yak
  9033 | Lair:3   | Noticed a death yak
  9034 | Lair:3   | Noticed a death yak
  9392 | Lair:2   | Killed a death yak
  9428 | Lair:3   | Noticed Fannar
 10232 | Lair:3   | Identified the +7 long sword of the Wraith {slice, rElec rN++ Str-2} (You found it on level 3 of the Lair of Beasts)
 10905 | Lair:3   | Killed Fannar
 10905 | Lair:3   | Reached skill level 1 in Long Blades
 10988 | Lair:3   | Found a staircase to the Swamp.
 11017 | Lair:3   | Noticed Gastronok
 11098 | Lair:4   | Found a labyrinth entrance.
 11107 | Lab      | Entered a labyrinth
 11302 | Lab      | Reached skill level 1 in Shields
 11378 | Lab      | Reached skill level 11 in Fighting
 11587 | Lab      | Killed an unseen horror
 11673 | Lab      | Killed an unseen horror
 11673 | Lab      | Gained mutation: You resist negative energy. [demonic ancestry]
 11673 | Lab      | Reached XP level 12. HP: 94/110 MP: 12/12
 11780 | Lab      | Noticed a minotaur
 12236 | Lair:4   | Identified the Tome of Transformation and Earth
 12363 | Lair:4   | Reached skill level 1 in Invocations
 13232 | Lair:2   | Killed a death yak
 13345 | Orc:1    | Entered Level 1 of the Orcish Mines
 13403 | Orc:1    | Found a roughly hewn altar of Beogh.
 13460 | Orc:1    | Noticed Maurice
 13500 | Orc:1    | Killed Maurice
 13884 | Orc:3    | Noticed Snorg
 13899 | Orc:2    | Killed Snorg
 14190 | Orc:3    | Noticed Erolcha
 14340 | Orc:3    | Killed Erolcha
 14340 | Orc:3    | Reached skill level 5 in Invocations
 14967 | Orc:3    | Found a burning altar of Makhleb.
 14983 | Orc:3    | Found a roughly hewn altar of Beogh.
 15252 | Orc:3    | Noticed Josephine
 15315 | Orc:3    | Killed Josephine
 15390 | Orc:4    | Entered Level 4 of the Orcish Mines
 15390 | Orc:4    | Found a roughly hewn altar of Beogh.
 15586 | Orc:4    | Found a staircase to the Elven Halls.
 15593 | Orc:4    | Noticed Nessos
 15602 | Elf:1    | Entered Level 1 of the Elven Halls
 15647 | Elf:1    | Reached XP level 13. HP: 101/116 MP: 17/17
 15731 | Elf:1    | Noticed Agnes
 15874 | Elf:1    | Noticed a deep elf demonologist
 15875 | Elf:1    | Noticed a deep elf annihilator
 15877 | Elf:1    | Noticed a cacodemon
 16230 | Orc:4    | Killed Nessos
 16230 | Orc:4    | Reached skill level 5 in Long Blades
 16279 | Orc:4    | Noticed an orc warlord
 16298 | Elf:1    | Killed an orc warlord
 16368 | Orc:4    | Reached skill level 10 in Armour
 16649 | Orc:4    | Found Sety's Magic Scroll Shoppe.
 16663 | Orc:4    | Gained mutation: Your magical capacity is low (-10% MP). [a neqoxec]
 17140 | Orc:4    | Paralysed by an orc sorcerer for 3 turns
 17350 | Orc:4    | Found Zomabom's Book Shoppe.
 17354 | Orc:4    | Found Desackuz's Armour Shop.
 17366 | Orc:4    | Found Xudapo's Book Shop.
 17407 | Orc:4    | Reached skill level 5 in Shields
 17524 | Orc:4    | Bought a scroll of summoning for 142 gold pieces
 17524 | Orc:4    | Bought a scroll of identify for 30 gold pieces
 17524 | Orc:4    | Bought a scroll of blinking for 112 gold pieces
 17524 | Orc:4    | Bought a scroll of identify for 30 gold pieces
 17524 | Orc:4    | Bought a scroll of fear for 52 gold pieces
 17524 | Orc:4    | Bought a scroll of enchant armour for 112 gold pieces
 17572 | Orc:4    | Bought a scroll of fear for 52 gold pieces
 17579 | Orc:4    | Bought a scroll of random uselessness for 15 gold pieces
 17862 | Orc:4    | Killed Agnes
 18490 | Lair:3   | Killed a death yak
 18494 | Lair:3   | Killed a death yak
 18605 | Lair:3   | Killed Nergalle
 18826 | Lair:3   | Found a hole to the Spider Nest.
 18960 | Swamp:1  | Entered Level 1 of the Swamp
 19061 | Swamp:1  | Noticed a spectral titan
 19082 | Lair:3   | Gained mutation: You sometimes gain power by taking damage. [demonic ancestry]
 19082 | Lair:3   | Reached XP level 14. HP: 43/124 MP: 19/19
 19224 | Lair:3   | Killed Gastronok
 19277 | Swamp:1  | Reached skill level 10 in Invocations
 19708 | Spider:1 | Entered Level 1 of the Spider Nest
 19966 | D:8      | Bought the +10 battleaxe of Spite {freeze, rPois Int+5} for 1084 gold pieces
 20655 | Spider:1 | Noticed Donald
 20672 | Spider:1 | Reached skill level 1 in Evocations
 20890 | Spider:2 | Noticed an emperor scorpion
 20895 | Spider:2 | Killed an emperor scorpion
 21063 | Spider:2 | Got an encrusted shortbow
 21066 | Spider:2 | Identified the +9 shortbow "Vapanemo" {venom, rF+} (You found it on level 2 of the Spider Nest)
 21629 | Spider:3 | Killed a ghost moth
 21708 | Spider:3 | Noticed Wiglaf
 21725 | Spider:3 | Killed Wiglaf
 21732 | Spider:4 | Entered Level 4 of the Spider Nest
 21987 | Spider:4 | Reached XP level 15. HP: 130/130 MP: 20/20
 22014 | Spider:4 | Found a frozen archway.
 22022 | Spider:4 | Reached skill level 12 in Armour
 22037 | IceCv    | Entered an ice cave
 22273 | IceCv    | Reached skill level 5 in Evocations
 22541 | IceCv    | Got a smoking hat
 22543 | IceCv    | Identified the Catalogue of Sinister Rites (You found it in an ice cave)
 22573 | IceCv    | Identified the cursed -4 hat of Mopoina {-Cast Int+8} (You found it in an ice cave)
 22975 | Spider:4 | Learned a level 5 spell: Phase Shift
 22979 | Spider:4 | Learned a level 3 spell: Gell's Gravitas
 23198 | Spider:4 | Killed a ghost moth
 23240 | Spider:4 | Noticed an emperor scorpion
 23240 | Spider:4 | Noticed an emperor scorpion
 23240 | Spider:4 | Noticed an emperor scorpion
 23240 | Spider:4 | Noticed an emperor scorpion
 23240 | Spider:4 | Noticed an emperor scorpion
 23241 | Spider:4 | Noticed an emperor scorpion
 24497 | Spider:4 | Killed an emperor scorpion
 24548 | Spider:4 | Killed an emperor scorpion
 24562 | Spider:4 | Killed a ghost moth
 24640 | Spider:4 | Killed an emperor scorpion
 24820 | Spider:4 | Killed an emperor scorpion
 24993 | Spider:4 | Got a gossamer rune of Zot
 25001 | Spider:4 | Killed an emperor scorpion
 25212 | Spider:1 | Killed Donald
 25479 | Spider:1 | Noticed an emperor scorpion
 25644 | Spider:1 | Identified the Catalogue of Cloudy Conjuration (You found it on level 1 of the Spider Nest)
 25732 | Lair:3   | Killed an emperor scorpion
 25818 | Lair:3   | Reached XP level 16. HP: 108/137 MP: 22/22
 26012 | Swamp:1  | Reached skill level 10 in Axes
 26236 | Swamp:1  | Found an iron altar of Okawaru.
 26448 | Swamp:2  | Learned a level 2 spell: Blink
 26457 | Swamp:2  | Learned a level 2 spell: Shroud of Golubria
 26468 | Swamp:2  | Reached skill level 13 in Dodging
 27896 | Swamp:4  | Entered Level 4 of the Swamp
 28252 | Swamp:4  | Noticed Jorgrun
 28284 | Swamp:4  | Killed Jorgrun
 28421 | Swamp:4  | Noticed Nikola
 28436 | Swamp:4  | Noticed a tentacled monstrosity
 28464 | Swamp:4  | Killed a tentacled monstrosity
 28756 | Swamp:3  | Killed Nikola
 28981 | Swamp:4  | Reached skill level 10 in Evocations
 29267 | Swamp:4  | Reached skill level 14 in Dodging
 29289 | Swamp:4  | Reached XP level 17. HP: 148/148 MP: 23/23
 29331 | Swamp:4  | Got a decaying rune of Zot
 29865 | Elf:1    | Killed a deep elf demonologist
 29870 | Elf:1    | Killed a deep elf annihilator
 29928 | Elf:1    | Noticed a deep elf demonologist
 29932 | Elf:1    | Noticed a Brimstone Fiend
 29937 | Elf:1    | Killed a deep elf demonologist
 30097 | Elf:1    | Noticed Louise
 30110 | Elf:1    | Killed Louise
 30331 | Elf:1    | Noticed Frances
 30342 | Elf:1    | Killed Frances
 30566 | Elf:2    | Found Bonliog's Assorted Antiques.
 30824 | Elf:2    | Bought a scroll of enchant armour for 180 gold pieces
 30957 | Elf:2    | Gained mutation: You can translocate small distances at will. [potion of mutation]
 30957 | Elf:2    | Lost mutation: Your magical capacity is low (-10% MP). [potion of mutation]
 31125 | Elf:2    | Found a huge runed gate.
 31125 | Elf:2    | Found a huge runed gate.
 31125 | Elf:2    | Found a huge runed gate.
 31125 | Elf:2    | Found a huge runed gate.
 31125 | Elf:2    | Found a huge runed gate.
 31274 | Elf:2    | Learned a level 3 spell: Dazzling Spray
 31567 | Elf:3    | Entered Level 3 of the Elven Halls
 31567 | Elf:3    | Found Doast's General Store.
 31580 | Elf:3    | Bought a potion of agility for 68 gold pieces
 31580 | Elf:3    | Bought a scroll of magic mapping for 59 gold pieces
 31580 | Elf:3    | Bought a disc of storms for 340 gold pieces
 31929 | Elf:3    | Found an ancient bone altar of Kikubaaqudgha.
 32839 | Elf:3    | Cast into the Abyss (a deep elf sorcerer)
 32839 | Abyss:1  | Found a corrupted altar of Lugonu.
 33080 | Abyss:1  | Found a sacrificial altar of Ru.
 33110 | Abyss:1  | Found a snail-covered altar of Cheibriados.
 33120 | Abyss:1  | Found a snail-covered altar of Cheibriados.
 33250 | Abyss:1  | Paralysed by you for 6 turns
 33338 | Abyss:1  | Gained mutation: Your magical capacity is low (-10% MP). [a neqoxec]
 33412 | Abyss:1  | Lost intelligence.
 33616 | Abyss:1  | Lost intelligence.
 33645 | Abyss:1  | Found a corrupted altar of Lugonu.
 33730 | Abyss:1  | Noticed a bone dragon
 33741 | Abyss:1  | Killed from afar by a starcursed mass

Vault maps used:
D:1:      lemuel_arrival_river_ford
D:2:      grunt_temple_overflow_open, first_bread, guppyfry_early_lair_pool
D:3:      nicolae_dithmenos_shadow_blocks, nicolae_gozag_seed_capital,
          fountainhead
D:5:      serial_shops, nicolae_shop_overgrown_old_shop, uniq_duvessa
D:7:      okawaru_altar_gauntlet_db, temple_green, columned_hall_lemuel,
          uniq_menkaure, uniq_pikel, uniq_joseph
D:8:      amethyst_overflow_temple_binary, serial_shops, shop,
          nicolae_shop_trees, nicolae_shop_behind_doors, shop,
          uniq_prince_ribbit1
D:9:      dpeg_lair_monsters, david_orc_3
Temple:   nicolae_temple_x_marks_the_god
Lair:2:   pond, serial_bayou_shore_b
Lair:3:   minmay_swamp_entry_reptiles, spider_nest_entry_web_field, uniq_fannar,
          uniq_nergalle, uniq_gastronok
Lair:4:   lab_entry_generic, grunt_forest_stairs_basic
Swamp:1:  nicolae_swamp_godswood, swamp_pool3, infiniplex_staircase_pool
Swamp:2:  evilmike_swamp_ruin_house_2, swamp_pool1
Swamp:3:  serial_swamp_ruin, evilmike_swamp_ruin_house_4,
          evilmike_swamp_ruin_house_1, evilmike_swamp_ruin_rubble_1
Swamp:4:  swamp_vile, swamp_pool5, uniq_jorgrun, uniq_nikola
Spider:1: uniq_donald
Spider:3: uniq_wiglaf
Spider:4: spider_rune_water, portal_ice_cave_entry_frozen_things
Orc:1:    basic_altar, trog_book, uniq_maurice
Orc:3:    basic_altar, nicolae_orc_pool_cavern, bloody_makhleb, uniq_josephine,
          uniq_erolcha, uniq_snorg
Orc:4:    st_orc_elflike, basic_altar, uniq_nessos
Elf:1:    elf_arrival_001, hangedman_corner_corridor, uniq_frances, uniq_louise,
          uniq_agnes
Elf:2:    serial_shops, shop, minivault_16, st_stairs_10
Elf:3:    grunt_elf_hall_diamonds, basic_altar, serial_shops, shop,
          nooodl_food_tri
Lab:      nicolae_lab_dead_adventurers, lab_block, nicolae_lab_flowing_pool,
          nicolae_lab_big_swirl, nicolae_lab_dead_end, labyrinth_lava_lair,
          lab_statue, nicolae_lab_stuck, labyrinth_skeletal_remains,
          lab_fountain
IceCv:    ice_cave_caverns_02

Action                   |  1- 3 |  4- 6 |  7- 9 | 10-12 | 13-15 | 16-18 || total
-------------------------+-------+-------+-------+-------+-------+-------++-------
Melee: Rapier            |    86 |   120 |   205 |       |       |       ||   411
       Battleaxe         |       |       |   115 |   327 |   582 |   507 ||  1531
       Long sword        |       |       |       |   475 |   419 |   628 ||  1522
       Lajatang          |       |       |       |     2 |       |       ||     2
 Fire: Hunting sling     |       |    13 |       |       |       |       ||    13
       Shortbow          |       |       |       |       |     3 |       ||     3
Throw: Tomahawk          |     9 |    16 |    67 |    31 |    44 |     8 ||   175
       Throwing net      |       |       |     3 |       |       |       ||     3
       Stone             |       |       |       |     8 |     2 |       ||    10
Invok: Greater Servant o |       |       |       |       |     3 |    14 ||    17
       Lesser Servant of |       |       |       |       |    11 |    11 ||    22
 Abil: Evoke Invisibilit |       |       |       |       |       |     3 ||     3
       Blink             |       |       |       |       |       |     3 ||     3
Evoke: Wand              |       |       |       |       |     4 |     8 ||    12
       Fan of gales      |       |       |       |       |     2 |     1 ||     3
  Use: Scroll            |       |       |    15 |     8 |    22 |    16 ||    61
       Potion            |       |       |     2 |     3 |     8 |    14 ||    27
 Stab: Sleeping          |       |       |     1 |     9 |     1 |       ||    11
       Distracted        |       |       |       |     2 |     3 |     2 ||     7
       Invisible         |       |       |       |       |     1 |     9 ||    10
       Confused          |       |       |       |       |       |     1 ||     1
  Eat: Chunk             |       |     6 |    11 |    54 |    81 |    64 ||   216
       Pizza             |       |       |     2 |     2 |       |     1 ||     5
       Fruit             |       |       |     1 |     2 |    11 |     4 ||    18
       Beef jerky        |       |       |     1 |       |     1 |       ||     2
       Bread ration      |       |       |       |       |       |     2 ||     2
